 Dungeon Crawl Stone Soup version 0.21.1-1-g345015fe64 (webtiles) character file.

51 ImError the Skirmisher (level 3, 0/30 HPs)
             Began as a Demonspawn Abyssal Knight on May 31, 2018.
             Was a Believer of Lugonu.
             Succumbed to an adder's poison
             ... on level 2 of the Dungeon.
             The game lasted 00:04:34 (1557 turns).

ImError the Skirmisher (Demonspawn Abyssal Knight)  Turns: 1557, Time: 00:04:34

Health: 0/30       AC:  4    Str:  9 (12) XL:     3   Next: 58%
Magic:  5/5        EV: 11    Int: 12 (13) God:    Lugonu [**....]
Gold:   45         SH:  4    Dex: 12 (13) Spells: 2/2 levels left

rFire    . . .     SeeInvis .   a - +1 falchion
rCold    . . .     Gourm    .   (no shield)
rNeg     . . .     Faith    .   b - +0 leather armour
rPois    .         Spirit   .   m - +1 hat
rElec    .         Reflect  .   (no cloak)
rCorr    .         Harm     .   (no gloves)
MR       .....                  (no boots)
Stlth    +.........             (no amulet)
HPRegen  0.10/turn              (no ring)
MPRegen  0.09/turn              (no ring)

@: lethally poisoned (0 -> -1)
A: large bone plates 1, powered by pain 1
a: Depart the Abyss, Bend Space, Renounce Religion


You were on level 2 of the Dungeon.
You worshipped Lugonu.
Lugonu was pleased with you.
You were not hungry.

You visited 1 branch of the dungeon, and saw 2 of its levels.
You visited the Abyss 1 time.

You collected 45 gold pieces.

Inventory:

Hand Weapons
 a - a +1 falchion (weapon)
Missiles
 e - 42 stones (quivered)
Armour
 b - a +0 leather armour (worn)
 m - a +1 hat (worn)
Scrolls
 d - a scroll of fear {unknown}
 g - a scroll of remove curse {unknown}
 h - a scroll of immolation {unknown}
 i - 2 scrolls of blinking {unknown}
 j - 5 scrolls of identify {unknown}
 l - 3 scrolls of enchant weapon {unknown}
Comestibles
 c - 3 rations
 f - 3 chunks of flesh


   Skills:
 + Level 3.8 Fighting
 + Level 2.3 Long Blades
 - Level 1.7 Armour
 + Level 1.4 Dodging
 + Level 3.0 Invocations


You had 2 spell levels left.
You didn't know any spells.

Dungeon Overview and Level Annotations

Branches:
Dungeon (2/15)

Altars:

Annotations:
D:2 1 runed door


Innate Abilities, Weirdness & Mutations

You are partially covered in large bone plates. (SH +4)
You sometimes gain a little power by taking damage.


Message History

You kill the giant cockroach!
Lugonu accepts your kill.
* * * LOW HITPOINT WARNING * * *
You feel sick.
Things that are here:
a giant cockroach corpse; an adder corpse Butcher an adder corpse? [(y)es/(c)hoosy/(n)o/(a)ll/(e)dible/(q)uit/?]
Butcher a giant cockroach corpse? [(y)es/(c)hoosy/(n)o/(a)ll/(e)dible/(q)uit/?]
You butcher the giant cockroach corpse.
Things that are here:
2 chunks of flesh; an adder corpse
* * * LOW HITPOINT WARNING * * *
You feel sick.
* * * LOW HITPOINT WARNING * * *
You feel sick.
* * * LOW HITPOINT WARNING * * *
You feel sick.
You aren't carrying any pieces of jewellery.
There is a lethal amount of poison in your body!
You die...

# ########)#.#.# ###
#.#.#.# ..## #.#.#.# ##.+
#.#.#.# ### #.#.#.#
#.#.#.# ##### #...#.#
#...#######...#.#
###.....@......#%#
#########.##.########..#.#
..........#### #..#.#
#######..[###########..#.#
#######..................#
............†..######.####
############...# #.# ##.##
#.# #.# #.#


There were no monsters in sight!

Vanquished Creatures
  An adder (D:2)
  A dart slug (D:1)
  4 leopard geckos
  5 bats
  4 giant cockroaches
  3 goblins (D:1)
  2 hobgoblins (D:1)
  A ball python (D:2)
  4 frilled lizards
  6 kobolds
  4 rats
35 creatures vanquished.

Notes
Turn   | Place    | Note
-------+----------+-------------------------------------------
     0 | Abyss:1  | ImError the Demonspawn Abyssal Knight began the quest for the Orb.
     0 | Abyss:1  | Reached XP level 1. HP: 18/18 MP: 2/2
   122 | D:1      | Escaped the Abyss
   345 | D:1      | Gained mutation: You are partially covered in large bone plates. (SH +4) [demonic ancestry]
   345 | D:1      | Reached XP level 2. HP: 7/24 MP: 3/3
   585 | D:1      | Reached skill level 1 in Dodging
  1029 | D:1      | Reached ** piety under Lugonu
  1031 | D:1      | Gained mutation: You sometimes gain a little power by taking damage. [demonic ancestry]
  1031 | D:1      | Reached XP level 3. HP: 30/30 MP: 5/5
  1451 | D:2      | Found a runed door.
  1553 | D:2      | HP: 1/30 [poisoned by an adder]
  1557 | D:2      | Succumbed to an adder's poison

Skill      XL: |  1  2  3 |
---------------+----------+-----
Long Blades    | 2 |  2.3
Dodging        | 1 |  1.4
Invocations    | 3 |  3.0
Fighting       | |  3.8
Armour         | |  1.7

Action                   || total
-------------------------++-------
Melee: Falchion          ||   100
  Use: Potion            ||     1
 Stab: Sleeping          ||     2
  Eat: Chunk             ||     2
Armor: Leather armour    ||    41
Dodge: Dodged            ||    76
Block: Other             ||    28
       Rpst.: Falchion   ||    24
